 Dungeon Crawl Stone Soup version 0.30.1-11-g7821555f0a (webtiles) character file.

Game seed: 2195836689909711434

658 Gahblenplays the Slasher (level 7, 0/61 HPs)
             Began as a Grey Draconian Berserker on Dec 4, 2023.
             Was a Believer of Trog.
             Slain by an ogre
             ... wielding a +3 great mace
              (24 damage)
             ... on level 4 of the Dungeon.
             The game lasted 00:34:48 (2615 turns).

Gahblenplays the Slasher (Grey Draconian Berserker) Turns: 2615, Time: 00:34:48

Health: 0/61       AC: 13    Str: 21    XL:     7   Next: 29%
Magic:  7/7        EV: 13    Int:  7    God:    Trog [**....]
Gold:   233        SH:  0    Dex: 11    Spells: 6/6 levels left

rFire   + . .        f - +0 long sword
rCold   . . .        (no shield)
rNeg    . . .        (body armour unavailable)
rPois   .            (helmet restricted)
rElec   .            j - +0 cloak
rCorr   .            l - +0 pair of gloves
SInv    .            (no boots)
Will    .....        F - amulet of regeneration
Stlth   ++           g - ring of protection from fire
HPRegen 1.10/turn    V - ring of flight
MPRegen 0.10/turn

%: no passive effects
@: flying
A: AC +11, amphibious, unfitting armour, cold-blooded
a: Renounce Religion, Berserk, Trog's Hand


You were on level 4 of the Dungeon.
You worshipped Trog.
Trog was pleased with you.
You visited 1 branch of the dungeon, and saw 5 of its levels.

You collected 233 gold pieces.

Inventory:

Hand Weapons
 a - a +0 spear
 c - a +0 club
 e - a +0 club
 f - a +0 long sword (weapon)
 h - a +0 dagger
 n - a +0 club
 r - a +0 club
 u - a +0 hand axe
 x - a +0 dagger
 B - a +0 short sword
 C - a +0 club
 H - a +2 dagger of protection
 I - a +0 short sword
 M - a +0 hand axe
 U - a +0 whip
Missiles
 d - 47 stones
 J - 5 javelins (quivered)
Armour
 j - a +0 cloak (worn)
 l - a +0 pair of gloves (worn)
 w - a +0 robe
 N - a +0 ring mail
 S - a +0 leather armour
Magical Staves
 K - a staff of fire
 Q - a staff of earth
Jewellery
 g - a ring of protection from fire (left hand)
 F - an amulet of regeneration (around neck)
 V - a ring of flight (right hand)
Wands
 z - a wand of flame (10)
Scrolls
 b - a scroll of vulnerability {unknown}
 i - 2 scrolls of blinking {unknown}
 k - a scroll of enchant weapon {unknown}
 m - 3 scrolls of identify {unknown}
 q - a scroll of fear {unknown}
 v - a scroll of summoning {unknown}
 y - 2 scrolls of enchant armour {unknown}
 E - a scroll of silence {unknown}
 L - a scroll of fog {unknown}
 P - a scroll of immolation {unknown}
 R - 3 scrolls of teleportation {unknown}
Potions
 o - a potion of magic {unknown}
 p - a potion of might {unknown}
 s - a potion of heal wounds
 t - a potion of brilliance {unknown}
 A - 2 potions of attraction {unknown}
 D - a potion of ambrosia {unknown}
 G - a potion of lignification {unknown}
 O - a potion of curing
 T - a potion of degeneration {unknown}


   Skills:
 + Level 5.0 Fighting
 + Level 5.1 Long Blades
 + Level 3.3 Polearms
 + Level 4.0 Dodging
 + Level 2.6 Stealth


You had 6 spell levels left.
You didn't know any spells.
Your spell library contained the following spells:

 Spells                   Type           Power      Damage    Failure   Level
 Sting                    Tmut/Pois      0%         1d3       43%         1
 Ensorcelled Hibernation  Hex/Ice        0%         N/A       56%         2
 Passwall                 Tmut/Erth      0%         N/A       56%         2
 Poisonous Vapours        Pois/Air       0%         N/A       56%         2
 Swiftness                Air            0%         N/A       80%         3
 Olgreb's Toxic Radiance  Pois           0%         N/A       99%         4


Dungeon Overview and Level Annotations

Branches:
Dungeon (5/15)
 Temple: D:4-7

Altars:
Elyvilon


Innate Abilities, Weirdness & Mutations

Your dull iron-grey scales are very hard. (AC +11)
You are amphibious.
You cannot fit into any form of body armour.
You are cold-blooded and may be slowed by cold attacks.


Message History

The ogre misses you.
You hit the ogre. You tail-slap the ogre.
The ogre is severely wounded.
The ogre misses you.
You slash the ogre!
You kill the ogre!
Trog accepts your kill.
Your Fighting skill increases to level 5!
Your Long Blades skill increases to level 5!
There is a transporter landing site, spattered with blood here.
Things that are here:
a +0 giant club; an ogre corpse
Things that are here:
a +0 giant club; an ogre corpse
Things that are here:
a +0 giant club; an ogre corpse
Things that are here:
a +0 giant club; an ogre corpse
There is a transporter here.
You enter the transporter and appear at another place.
Things that are here:
a +0 giant spiked club; an ogre corpse You hit the ogre but do no damage.
Your tail-slap misses the ogre.
The ogre is moderately wounded.
The ogre barely misses you.
You barely miss the ogre.
The ogre is moderately wounded.
The ogre hits you with a +3 great mace!!
You barely miss the ogre.
The ogre is moderately wounded.
The ogre hits you but does no damage.
You hit the ogre.
The ogre is moderately wounded.
You completely miss the ogre.
The ogre is moderately wounded.
The ogre hits you with a +3 great mace!!
You barely miss the ogre.
The ogre is moderately wounded.
The ogre hits you with a +3 great mace!!
You die...

##.# #.....).......# #
#.## #.....©.©.....# ##
#..### ############### #8
##...# ##.....!$....## ##
#######.# #.#..#.#.$#.# #
#.......# #..##...##..# #
#.####..# #..##...##..# #
#.# #..## #.#..#.#..#.# #
#.# #...## #©@O..©.....# #
#.# #.#..###############
## #.# #.##..### ####. #.#
#.###...#### ###.... #.#
#.# ###....#### ###...###
#.# #.# ####....##
#........ #.# #.#
####..###.#.##### #.#
#.############..##.#.# #
#.#
#...........###....#.#####


You could see an ogre.

Vanquished Creatures
  The ghost of Jingleheimer the Changer, a novice OpTm of Elyvilon (D:4)
  2 ogres (D:4)
  A hound (D:4)
  A gnoll bouda (D:5)
  Natasha (thrice) (D:2)
  3 adders
  2 worms (D:2)
  4 dart slugs (D:1)
  3 orcs
  9 ball pythons
  12 endoplasms
  2 giant cockroaches
  6 goblins
  4 hobgoblins
  2 jackals (D:1)
  4 quokkas
  2 bats
  2 frilled lizards
  4 kobolds
  6 rats
73 creatures vanquished.

Notes
Turn   | Place    | Note
-------+----------+-------------------------------------------
     0 | D:1      | Gahblenplays the Draconian Berserker began the quest for
                  | the Orb.
     0 | D:1      | Reached XP level 1. HP: 19/19 MP: 1/1
   149 | D:1      | Reached XP level 2. HP: 26/26 MP: 2/2
   281 | D:2      | Reached skill level 1 in Long Blades
   473 | D:2      | Reached XP level 3. HP: 33/33 MP: 3/3
   516 | D:2      | Noticed Natasha
   523 | D:2      | Killed Natasha
   570 | D:2      | Noticed Natasha
   582 | D:2      | Killed Natasha
   583 | D:2      | Reached XP level 4. HP: 18/40 MP: 4/4
   652 | D:1      | Reached ** piety under Trog
  1141 | D:2      | Noticed Natasha
  1151 | D:2      | Killed Natasha
  1152 | D:2      | Reached XP level 5. HP: 40/46 MP: 5/5
  1240 | D:3      | Reached skill level 1 in Stealth
  1325 | D:3      | Found a white marble altar of Elyvilon.
  2292 | D:5      | Entered Level 5 of the Dungeon
  2426 | D:4      | Noticed an ogre
  2426 | D:4      | Noticed Jingleheimer's ghost (novice OpTm)
  2427 | D:4      | Found a transporter.
  2428 | D:4      | Noticed an ogre
  2428 | D:4      | Noticed an ogre
  2431 | D:4      | Found a transporter.
  2456 | D:4      | HP: 2/47 [Jingleheimer's ghost (2)]
  2458 | D:4      | Killed Jingleheimer's ghost
  2459 | D:4      | Reached XP level 6. HP: 6/53 MP: 6/6
  2541 | D:4      | Your scales start taking on a dull iron-grey colour.
  2541 | D:4      | Reached XP level 7. HP: 37/60 MP: 7/7
  2553 | D:4      | Reached skill level 5 in Fighting
  2553 | D:4      | Reached skill level 5 in Long Blades
  2615 | D:4      | Slain by an ogre

Illustrated notes

Levels and vault maps discovered:
D:1:      sevenhm_arrival_forest_fort_small_4, layout_loops_ring,
          skrybe_limestone_x
D:2:      layout_rooms, dreamdust_wishing_well,
          amcnicky_mini_rare_corridor_liquid, uniq_natasha
D:3:      layout_basic, elyvilon_altar_1, minmay_box_of_dots
D:4:      layout_basic, serial_corexii_hall, corexii_hall_statues_i,
          corexii_hall_statues_x, gammafunk_ghost_smash
D:5:      minmay_thinvault, layout_basic, led_sif_book,
          nicolae_overflow_crystal_walls, minmay_puff, uniq_blork_the_orc,
          uniq_sigmund, uniq_eustachio

Skill      XL: |  1  2  3  4  5  6  7 |
---------------+----------------------+-----
Long Blades    | 1 2 3 4 5 |  5.1
Dodging        | 3 4 |  4.0
Fighting       | 4 5 |  5.0
Stealth        | 2 |  2.6
Polearms       | |  3.3

Action                     |  1- 3 |  4- 6 |  7- 9 || total
---------------------------+-------+-------+-------++-------
  Melee: Long sword        |    71 |   158 |    14 ||   243
         Punch             |     2 |       |     1 ||     3
         Spear             |     1 |       |       ||     1
         Tailslap          |     9 |    12 |     2 ||    23
  Throw: Stone             |     1 |       |       ||     1
 Invoke: Trog's Hand       |       |     1 |       ||     1
    Use: Potion            |     3 |       |       ||     3
   Stab: Sleeping          |     1 |     5 |       ||     6
 Armour: Skin              |    23 |    57 |     1 ||    81
  Dodge: Dodged            |    56 |   108 |     6 ||   170
